 Dungeon Crawl Stone Soup version 0.27-a0-1217-g8a41f320e8 (webtiles) character file.

Game seed: 15131292984847809127

580 polve the Skirmisher (level 7, -3/58 HPs)
             Began as a Demonspawn Abyssal Knight on June 5, 2021.
             Was a Believer of Lugonu.
             Succumbed to a scorpion's poison
             ... on level 5 of the Dungeon.
             The game lasted 00:05:32 (5170 turns).

polve the Skirmisher (Demonspawn Abyssal Knight)    Turns: 5170, Time: 00:05:33

Health: -3/58      AC: 10    Str: 20    XL:     7   Next: 13%
Magic:  8/8        EV:  8    Int: 13    God:    Lugonu [**....]
Gold:   205        SH:  0    Dex: 13    Spells: 6/6 levels left

rFire    + . .     SeeInvis .   j - +0 rapier
rCold    x . .     Faith    .   (no shield)
rNeg     . . .     Spirit   .   i - +0 chain mail
rPois    .         Reflect  .   (helmet restricted)
rElec    .         Harm     .   (no cloak)
rCorr    .         Rampage  .   p - +0 pair of gloves
Will     .....                  (no boots)
Stlth    ..........             (no amulet)
HPRegen  0.19/turn              l - +6 ring of strength
MPRegen  0.11/turn              m - ring of fire

@: mighty, lethally poisoned (-3 -> -14), on berserk cooldown, slowed, very slow
A: antennae 1, ignite blood 2, powered by pain 1
a: Renounce Religion, Depart the Abyss, Bend Space


You were on level 5 of the Dungeon.
You worshipped Lugonu.
Lugonu was pleased with you.
You visited 1 branch of the dungeon, and saw 5 of its levels.
You visited the Abyss 1 time.

You collected 205 gold pieces.

Inventory:

Hand Weapons
 j - a +0 rapier (weapon)
Armour
 i - a +0 chain mail (worn)
 p - a +0 pair of gloves (worn)
Jewellery
 l - a +6 ring of strength (left hand)
 m - a ring of fire (right hand)
 o - a ring of ice
Scrolls
 a - a scroll of torment {unknown}
 e - 3 scrolls of identify {unknown}
 g - 2 scrolls of enchant armour {unknown}
 q - a scroll of fog {unknown}
Potions
 d - a potion of flight {unknown}
 f - a potion of degeneration {unknown}
 h - a potion of curing {unknown}
 k - a potion of heal wounds {unknown}
 n - a potion of attraction {unknown}


   Skills:
 - Level 6.0 Fighting
 - Level 4.0 Short Blades
 + Level 3.0 Armour
 + Level 2.5 Dodging
 - Level 2.4 Invocations


You had 6 spell levels left.
You didn't know any spells.
Your spell library contained the following spells:

 Spells                   Type           Power      Damage    Failure   Level
 Animate Skeleton         Necr           0%         N/A       97%         1
 Apportation              Tloc           0%         N/A       97%         1
 Corona                   Hex            0%         N/A       97%         1
 Summon Small Mammal      Summ           0%         N/A       97%         1


Dungeon Overview and Level Annotations

Branches:
Dungeon (5/15)
 Temple: D:4-7

Altars:
Kikubaaqudgha

Shops:
D:4 *:


Innate Abilities, Weirdness & Mutations

You have a pair of small antennae on your head.
Your demonic aura often causes spilled blood to erupt in flames.
You sometimes gain a little power by taking damage.


Message History

You are more poisoned.
The scorpion poisons you!
You puncture the scorpion!
You kill the scorpion!
Lugonu accepts your kill.
* * * LOW HITPOINT WARNING * * *
You feel extremely sick.
Your Armour skill increases to level 3!
It was a potion of berserk rage.
A red film seems to cover your vision as you go berserk!
You feel yourself moving faster!
You feel mighty!
* * * LOW HITPOINT WARNING * * *
You feel very sick.
You are too berserk!
Calm down first, please.
There is a lethal amount of poison in your body!
There is a lethal amount of poison in your body!
There is a lethal amount of poison in your body!
There is a lethal amount of poison in your body!
There is a lethal amount of poison in your body!
There is a lethal amount of poison in your body!
There is a lethal amount of poison in your body!
You feel a strong urge to attack something.
* * * LOW HITPOINT WARNING * * *
You feel very sick.
* * * LOW HITPOINT WARNING * * *
You feel very sick.
You feel your anger nearly subside.
* * * LOW HITPOINT WARNING * * *
You feel very sick.
You see here a metallic amethyst potion.
You are too berserk!
You are no longer berserk.
You are exhausted.
You feel yourself slow down.
* * * LOW HITPOINT WARNING * * *
You feel sick.
It was a potion of might.
You feel very mighty all of a sudden.
You die...

#.# ..#
#.#...#
#.#...#
#<....#
#.###.#
#...#.# #
#.$...#.##
#.#<.......#
#.†..!@....#
#####......#
########


There were no monsters in sight!

Vanquished Creatures
  A black bear (D:2)
  A phantom (D:4)
  A scorpion (D:5)
  2 hounds (D:4)
  A gnoll shaman (D:4)
  A bullfrog skeleton (D:3)
  2 orc wizards (D:4)
  2 hound skeletons (D:4)
  4 gnolls (D:4)
  2 adders (D:4)
  A worm (D:3)
  A dart slug (D:1)
  15 orcs
  5 ball pythons
  5 endoplasms
  4 giant cockroaches
  6 goblins
  11 hobgoblins
  4 jackals (D:3)
  5 quokkas
  5 bats
  3 frilled lizards (D:1)
  3 kobolds
  8 rats
93 creatures vanquished.

Notes
Turn   | Place    | Note
-------+----------+-------------------------------------------
     0 | Abyss:1  | polve the Demonspawn Abyssal Knight began the quest for the
                  | Orb.
     0 | Abyss:1  | Reached XP level 1. HP: 18/18 MP: 2/2
    18 | Abyss:1  | Found a corrupted altar of Lugonu.
    59 | Abyss:1  | Noticed a thrashing horror
    60 | D:1      | Escaped the Abyss
   710 | D:1      | Gained mutation: Your demonic aura sometimes causes spilled
                  | blood to erupt in flames. [demonic ancestry]
   710 | D:1      | Reached XP level 2. HP: 19/24 MP: 3/3
  1196 | D:1      | Reached * piety under Lugonu
  1312 | D:1      | Reached XP level 3. HP: 25/29 MP: 4/4
  2333 | D:2      | Noticed a black bear
  2338 | D:2      | Killed a black bear
  2339 | D:2      | Reached skill level 4 in Fighting
  2339 | D:2      | Reached XP level 4. HP: 19/37 MP: 5/5
  2784 | D:2      | Gained mutation: You have a pair of small antennae on your
                  | head. [demonic ancestry]
  2784 | D:2      | Reached XP level 5. HP: 42/42 MP: 6/6
  3028 | D:3      | Reached ** piety under Lugonu
  3401 | D:3      | Found a faded altar of an unknown god.
  3818 | D:4      | Reached skill level 5 in Fighting
  4052 | D:4      | Gained mutation: Your demonic aura often causes spilled
                  | blood to erupt in flames. [demonic ancestry]
  4052 | D:4      | Reached XP level 6. HP: 41/51 MP: 7/7
  4162 | D:4      | Reached skill level 6 in Fighting
  4162 | D:4      | Reached skill level 1 in Dodging
  4376 | D:4      | Found an ancient bone altar of Kikubaaqudgha.
  4473 | D:4      | Found Ciako's General Store.
  4940 | D:4      | Gained mutation: You sometimes gain a little power by
                  | taking damage. [demonic ancestry]
  4940 | D:4      | Reached XP level 7. HP: 46/58 MP: 8/8
  5106 | D:4      | Found Noymocs's Book Shoppe.
  5154 | D:5      | Entered Level 5 of the Dungeon
  5168 | D:5      | HP: 4/87 [poisoned by a scorpion]
  5169 | D:5      | HP: 1/58 [poisoned by a scorpion]
  5170 | D:5      | Succumbed to a scorpion's poison

Illustrated notes

Levels and vault maps discovered:
D:1:      dpeg_arrival_ternary, layout_basic
D:2:      layout_basic, amethyst_killhole, minmay_misc_feat_room
D:3:      layout_rooms, hellmonk_ecumenical_altar_arch_garden
D:4:      layout_rooms, kiku_gazebo_pond_becter, serial_shops,
          nicolae_shop_waterfront, shop, saegor_snake_ambush
D:5:      layout_basic

Skill      XL: |  1  2  3  4  5  6  7 |
---------------+----------------------+-----
Short Blades   | 2 3 4 |  4.0
Fighting       | 4 5 6 |  6.0
Armour         | 2 3 |  3.0
Dodging        | 2 |  2.5
Invocations    | |  2.4

Action                   |  1- 3 |  4- 6 |  7- 9 || total
-------------------------+-------+-------+-------++-------
Melee: Short sword       |   124 |       |       ||   124
       Rapier            |    28 |   250 |    10 ||   288
Invok: Depart the Abyss  |     1 |       |       ||     1
  Use: Potion            |       |       |     2 ||     2
Armor: Leather armour    |    10 |       |       ||    10
       Chain mail        |    90 |   149 |     4 ||   243
Dodge: Dodged            |    42 |    88 |     3 ||   133

Table legend: (Time is in decaauts)
 A = Elapsed time spent in this place.
 B = Non-inter-level travel time spent in this place.
 C = Inter-level travel time spent in this place.
 D = Time resting spent in this place.
 E = Time spent auto-exploring this place.
 F = Levels seen in this place.
 G = Mean time per level.
                   A        B        C        D        E       F      G
               +--------+--------+--------+--------+--------+-----+--------+
         Total |   5183 |   5100 |     83 |      0 |   4324 |   6 |  863.8 |
       Dungeon |   5123 |   5040 |     83 |      0 |   4265 |   5 | 1024.6 |
         Abyss |     60 |     60 |      0 |      0 |     59 |   1 |   60.0 |
               +--------+--------+--------+--------+--------+-----+--------+

Top non-repeatable levels by time:
     D:1: 1588 daAuts
     D:4: 1254 daAuts
     D:2: 1189 daAuts
     D:3: 1077 daAuts
 Abyss:1: 60 daAuts
     D:5: 14 daAuts
